 Dungeon Crawl Stone Soup version 0.29.1-2-gbd0b4ee654 (webtiles) character file.

Game seed: 17077878666246666367

108 qeuew the Shooter (level 4, -2/23 HPs)
             Began as a Spriggan Hunter on Nov 4, 2022.
             Constricted to death by Ijyb (5 damage)
             ... on level 3 of the Dungeon.
             The game lasted 00:02:38 (2782 turns).

qeuew the Shooter (Spriggan Hunter)                 Turns: 2782, Time: 00:02:39

Health: -2/23      AC:  2    Str:  6 (7)  XL:     4   Next: 58%
Magic:  5/5        EV: 15    Int: 10      God:
Gold:   260        SH:  0    Dex: 18 (20) Spells: 3/3 levels left

rFire   . . .      SeeInvis +   d - +0 dagger
rCold   . . .      Faith    .   (no shield)
rNeg    . . .      Spirit   .   c - +0 robe
rPois   .          Reflect  .   (helmet restricted)
rElec   .          Harm     .   (no cloak)
rCorr   .          Rampage  .   (gloves unavailable)
Will    .....                   (boots unavailable)
Stlth   ++........              (no amulet)
HPRegen 0.07/turn               e - ring of flight
MPRegen 0.09/turn               (no ring)

@: grasped by roots, flying, constricted, very quick
A: very small, no large weapons, unfitting armour, see invisible, speed 3
a: no special abilities


You were on level 3 of the Dungeon.
You visited 1 branch of the dungeon, and saw 3 of its levels.

You collected 260 gold pieces.

Inventory:

Hand Weapons
 a - a +0 shortbow
 d - a +0 dagger (weapon)
Armour
 c - a +0 robe (worn)
Jewellery
 e - a ring of flight (left hand)
Wands
 g - a wand of paralysis (9)
 n - a wand of digging (4)
Scrolls
 b - a scroll of enchant armour {unknown}
Potions
 f - a potion of cancellation
 m - 2 potions of flight


   Skills:
 * Level 2.2 Fighting
 * Level 1.4 Short Blades
 + Level 5.0 Ranged Weapons
 * Level 3.3 Dodging
 * Level 2.8 Stealth


You had 3 spell levels left.
You didn't know any spells.
Your spell library contained the following spells:

 Spells                   Type           Power      Damage    Failure   Level
 Magic Dart               Conj           0%         1d3       36%         1
 Call Imp                 Summ           0%         N/A       50%         2
 Ensorcelled Hibernation  Hex/Ice        0%         N/A       50%         2
 Passwall                 Tmut/Erth      0%         N/A       50%         2
 Frozen Ramparts          Ice            0%         1d1       75%         3
 Mephitic Cloud           Conj/Pois/Air  0%         N/A       75%         3
 Swiftness                Air            0%         N/A       75%         3
 Ice Form                 Ice/Tmut       0%         N/A       98%         4
 Summon Ice Beast         Ice/Summ       0%         N/A       98%         4


Dungeon Overview and Level Annotations

Branches:
Dungeon (3/15)

Altars:
Makhleb

Annotations:
D:3 Ijyb


Innate Abilities, Weirdness & Mutations

You are very small and have problems with some larger weapons.
You are too small for most types of armour.
You have supernaturally acute eyesight. (SInv)
You cover ground extremely quickly. (Speed+++)


Message History

Ijyb is heavily wounded.
Ijyb grins evilly.
Ijyb completely misses you.
You shoot an arrow. The arrow hits Ijyb.
Ijyb is heavily wounded.
Ijyb hits you with a +0 dagger.
You shoot an arrow. The arrow barely misses Ijyb.
Ijyb hits you with a +0 dagger. x2
You are too injured to fight recklessly!
You are too injured to fight recklessly!
d - a +0 dagger (weapon)
You hit Ijyb but do no damage.
Ijyb is heavily wounded.
Ijyb misses you.
You hit Ijyb but do no damage.
Ijyb is heavily wounded.
Ijyb hits you with a +0 dagger.
* * * LOW HITPOINT WARNING * * *
You feel much better. Ijyb hits you with a +0 dagger.
You closely miss Ijyb.
Ijyb is heavily wounded.
Ijyb hits you with a +0 dagger.
You closely miss Ijyb.
Ijyb is heavily wounded.
Ijyb hits you with a +0 dagger.
You closely miss Ijyb. You punch Ijyb.
Ijyb is severely wounded.
Ijyb zaps a wand.
The roots erupt in riotous growth!
The grasping roots grab you!
Ijyb is unaffected.
The grasping roots constrict you.
You barely miss Ijyb.
Ijyb is severely wounded.
Ijyb hits you but does no damage. The grasping roots constrict you.
* * * LOW HITPOINT WARNING * * *
You closely miss Ijyb.
Ijyb is severely wounded.
Ijyb hits you with a +0 dagger.
* * * LOW HITPOINT WARNING * * *
The grasping roots constrict you.
You die...

##..♣♣.♣♣♣♣♣♣.[....# ##.## #
##...♣♣♣♣_.♣♣..##### .#.#.# #
...♣♣♣♣.♣.♣.♣...# .b###..# #
..♣♣♣ ♣♣..♣♣♣#..# .....bb..# #
.#.)♣♣♣♣♣.♣♣♣♣..# ########P######
...♣♣♣.♣♣..♣♣...##.......#.#...##
..♣♣♣.♣...♣♣♣...#..#######.###...
.#.♣♣.♣♣♣♣♣♣.##.#g## b.P..P..####
..#.♣♣.♣..♣.♣♣#.@..# ......# #
.>.................# P... ####
..##...............# ##### #...
###############.#### #...# #### #
#.# #..## # #.# #.########## #.#
#........... ..# ############


You could see Ijyb.

Vanquished Creatures
  4 adders
  4 worms
  A dart slug (D:3)
  An orc (D:3)
  7 ball pythons
  2 endoplasms
  3 giant cockroaches
  5 goblins
  5 hobgoblins
  2 quokkas
  13 bats
  2 frilled lizards (D:1)
  6 kobolds
  3 rats (D:1)
58 creatures vanquished.

Notes
Turn   | Place    | Note
-------+----------+-------------------------------------------
     0 | D:1      | qeuew the Spriggan Hunter began the quest for the Orb.
     0 | D:1      | Reached XP level 1. HP: 10/10 MP: 2/2
   120 | D:1      | Reached XP level 2. HP: 9/15 MP: 3/3
   444 | D:1      | You fall into a shaft and drop 1 floor!
   873 | D:1      | Reached XP level 3. HP: 18/18 MP: 4/4
  1263 | D:2      | Reached skill level 1 in Short Blades
  1712 | D:2      | Reached XP level 4. HP: 23/23 MP: 5/5
  1962 | D:3      | Found a burning altar of Makhleb.
  1962 | D:3      | Noticed a blizzard demon
  2006 | D:3      | Found a faded altar of an unknown god.
  2608 | D:3      | Reached skill level 5 in Ranged Weapons
  2768 | D:3      | Noticed Ijyb
  2782 | D:3      | Constricted to death by Ijyb

Illustrated notes

Levels and vault maps discovered:
D:1:      dpeg_arrival_lava_temple_mockup, layout_basic,
          ebering_dispersal_statue_hall
D:2:      layout_loops_corners
D:3:      layout_loops_ring, makhleb_altar_promises_db,
          chequers_ecumenical_altar_grove, serial_aquarium,
          aquarium_bridge_square [aquarium_subvault_balcony,
          aquarium_subvault_bridge, aquarium_subvault_window,
          aquarium_subvault_balcony], aquarium_window_fake,
          aquarium_window_corridor_1, aquarium_window_1, aquarium_view_2f,
          aquarium_balcony_1b, aquarium_pool_five, uniq_ijyb

Skill      XL: |  1  2  3  4 |
---------------+-------------+-----
Stealth        | 2 |  2.8
Short Blades   | 1 |  1.4
Fighting       | 2 |  2.2
Dodging        | 3 |  3.3
Ranged Weapons | 5 |  5.0

Action                   |  1- 3 |  4- 6 || total
-------------------------+-------+-------++-------
Melee: Dagger            |    18 |     7 ||    25
       Punch             |       |     1 ||     1
 Fire: Shortbow          |    96 |    46 ||   142
  Use: Potion            |     3 |     3 ||     6
       Scroll            |     1 |     4 ||     5
Armor: Robe              |     4 |     2 ||     6
Dodge: Dodged            |    40 |    13 ||    53
